[Event "Uppsala GM June 2022"]
[Site "Uppsala"]
[Date "2022.06.18"]
[Round "8.3"]
[White "Falkevall, Axel"]
[Black "Ernst, Thomas"]
[Result "1-0"]
[ECO "C55"]
[WhiteElo "2290"]
[BlackElo "2300"]
[Annotator "TA"]
[PlyCount "81"]
[EventDate "2022.06.09"]
[EventType "tourn"]
[EventCountry "SWE"]
[SourceTitle "playchess.com"]
[Source "ChessBase"]
[SourceQuality "1"]
[TimeControl "5400+30"]

1. e4 e5 2. Nf3 Nc6 3. Bc4 Nf6 4. d3 Be7 5. O-O O-O 6. Re1 d6 7. a4 Be6 8. Nbd2 Qd7 9. a5 {[%emt 0:02:27] C55: Two Knights: 4 d3, 4 d4 exd4 5 e5 and Max Lange Attack.} Bxc4 10. Nxc4 Rfe8 11. c3 {[%emt 0:04:10] The position is equal.} b5 12. Ne3 {[%emt 0:01:27] [#]} (12. axb6 $5 axb6 13. Bg5 $11) 12... a6 $146 ({Predecessor:} 12... g6 13. Nc2 Bf8 14. Bg5 Nh5 15. d4 h6 16. d5 Ne7 17. Bxe7 Bxe7 18. Nb4 Kh7 {1-0 (60) Sabirova,O (2151)-Verbova,E (1973) Tashkent 2012}) 13. Nf5 Bd8 14. h3 g6 15. Nh6+ Kg7 16. Nh2 (16. b4 {seems wilder.} d5 17. Bd2 dxe4 18. dxe4 Qe6 19. Rc1) 16... Ng8 17. Nxg8 Kxg8 18. Ng4 Kh8 19. Qf3 (19. Bh6 $14) 19... Qe6 (19... f5 $11 20. exf5 gxf5) 20. Bd2 Nb8 21. d4 Nd7 22. d5 Qe7 23. Bh6 f6 24. h4 {[%emt 0:00:00] White is much more active. The black rooks are badly placed.} (24. b4 $16) 24... Qf7 $14 25. Ne3 {[%emt 0:00:00][%cal Oh4h5] Inhibits f5. Black must now prevent h5!} Be7 (25... f5 $11) 26. g3 {[%emt 0:00:00][%cal Oh4h5] White leaves nothing to chance now.} (26. h5 {keeps more tension.} f5 27. Qh3 f4 28. hxg6 Qxg6 29. Nf5) 26... Bf8 27. Bxf8 Rxf8 (27... Qxf8 $16 28. Kg2 Qh6) 28. h5 $1 $18 f5 29. hxg6 $1 hxg6 30. exf5 gxf5 {[%emt 0:00:06] [#]} 31. Kg2 $1 {[%emt 0:00:00] Threatens to win with Rh1+.} Kg7 32. Rh1 Qg6 {[%emt 1:01:26] [#]} 33. Rh4 {[%emt 0:00:00] Strongly threatening Rah1.} Rf7 (33... f4 $2 34. Rg4 Rf6 35. Nf5+ Kf7 36. Rxg6 $18) (33... Rf6 $142 34. Rah1 Raf8) 34. Rah1 {[%emt 0:00:00][%cal Oh4h7,Ba1h1,Bh1h2,Bh2h6,Bh6h5][%mdl 32] Rh7+! is the strong threat.} Raf8 35. R1h2 Rf6 36. Kf1 R8f7 $2 (36... Kf7 {is more resistant.}) 37. Qh1 {[%emt 0:00:00] White is clearly winning.} Kf8 (37... f4 $142 38. Rg4 fxe3 39. Rh7+ Kf8 40. Rxg6 Rxg6 41. Rxf7+ Kxf7 42. Qf3+ Ke7 43. Qxe3 Rg4) 38. Rh8+ Ke7 39. R2h6 Qg5 40. Rh5 Qg6 41. Qh4 {[%emt 0:00:00] Weighted Error Value: White=0.15 (very precise) /Black=0.35} 1-0

[Event "Uppsala GM June 2022"]
[Site "Uppsala"]
[Date "2022.06.18"]
[Round "8.4"]
[White "Roshka, Yevgeniy"]
[Black "Trost, Edvin"]
[Result "*"]
[ECO "D80"]
[WhiteElo "2468"]
[BlackElo "2366"]
[Annotator "TA"]
[PlyCount "39"]
[EventDate "2022.06.09"]
[EventType "tourn"]
[EventCountry "SWE"]
[SourceTitle "playchess.com"]
[Source "ChessBase"]
[SourceQuality "1"]
[TimeControl "5400+30"]

1. d4 Nf6 2. c4 g6 3. Nc3 d5 4. Nf3 Bg7 5. Bg5 Ne4 6. Bf4 Nxc3 7. bxc3 c5 8. cxd5 Qxd5 9. e3 cxd4 10. cxd4 Nc6 11. Be2 O-O 12. O-O Bf5 13. Qa4 {[%emt 0:02:47] D80: Grünfeld: Unusual White 4th moves and 4 Bg5.} Qa5 14. Qxa5 Nxa5 15. Rfc1 {[%emt 0:02:59] 15.Nd2 is the hot move.} Rfc8 16. Nd2 {[%emt 0:00:16] [#]} h6 $146 ({Predecessor:} 16... Rxc1+ 17. Rxc1 Rc8 18. Rxc8+ Bxc8 19. Bf3 Be6 20. a3 Ba2 21. Bb8 a6 22. Bc7 Nc6 {1-0 (54) Fedoseev,V (2658)-Xiong,J (2674) Saint Louis 2017}) 17. Kf1 Bc2 18. Ke1 g5 19. Bg3 f5 20. Nf3 {[%emt 0:13:16] Weighted Error Value: White=0.05 (flawless) /Black=0.08 (flawless)} *

[Event "Uppsala GM June 2022"]
[Site "Uppsala"]
[Date "2022.06.19"]
[Round "8.4"]
[White "Sorensen, Hampus"]
[Black "Chatalbashev, Boris"]
[Result "0-1"]
[ECO "D80"]
[WhiteElo "2372"]
[BlackElo "2536"]
[Annotator "TA"]
[PlyCount "78"]
[EventDate "2022.06.09"]
[EventType "tourn"]
[EventCountry "SWE"]
[SourceTitle "playchess.com"]
[Source "ChessBase"]
[SourceQuality "1"]
[TimeControl "5400+30"]

1. d4 Nf6 2. c4 g6 3. Nc3 d5 4. Nf3 Bg7 5. Bg5 Ne4 6. Bf4 Nxc3 7. bxc3 c5 8. cxd5 Qxd5 9. e3 cxd4 10. cxd4 Nc6 11. Be2 O-O 12. O-O Bf5 13. Qa4 {[%emt 0:02:47] D80: Grünfeld: Unusual White 4th moves and 4 Bg5.} Qa5 14. Qxa5 Nxa5 15. Rfc1 {[%emt 0:02:59] The position is equal. 15.Nd2 deserves study.} Rfc8 16. Nd2 {[%emt 0:00:16] [#]} h6 $146 ({Predecessor:} 16... Rxc1+ 17. Rxc1 Rc8 18. Rxc8+ Bxc8 19. Bf3 Be6 20. a3 Ba2 21. Bb8 a6 22. Bc7 Nc6 {1-0 (54) Fedoseev,V (2658)-Xiong,J (2674) Saint Louis 2017}) 17. Kf1 Bc2 18. Ke1 g5 19. Bg3 f5 20. Nf3 Be4 21. Bf1 Bd5 22. Ne5 Bxe5 23. Bxe5 Nc6 24. Kd2 (24. Rc5 $11 e6 25. Bd6) 24... Nxe5 $15 25. dxe5 g4 {[%emt 0:00:26] Black is more active.} 26. a3 {[%emt 0:11:52] [#]} Kf7 $1 27. e4 Bxe4 28. Ke3 Bc2 29. Ra2 (29. f3 $17) 29... Bb3 $19 30. Raa1 Ke6 31. Kf4 Rd8 {[%emt 0:00:29] Prevents Bd3.} 32. Rc7 Rd4+ 33. Kg3 Bd5 ({Inferior is} 33... Kxe5 34. Rxe7+ Kf6 35. Rxb7 $11) 34. Re1 (34. h4 {was called for.}) 34... a6 35. Rc3 b5 36. f3 (36. Rd3 $142 Re4 37. Red1) 36... gxf3 37. gxf3 Rd2 38. Be2 Rg8+ 39. Kh3 $2 {[%emt 0:00:26] [#]} (39. Kf4 Rd4+ 40. Ke3) 39... f4 {[%emt 0:02:12] Weighted Error Value: White=0.37/Black=0.06 (flawless)} 0-1

[Event "Uppsala GM June 2022"]
[Site "Uppsala"]
[Date "2022.06.19"]
[Round "8.5"]
[White "Roshka, Yevgeniy"]
[Black "Trost, Edvin"]
[Result "1-0"]
[ECO "D23"]
[WhiteElo "2468"]
[BlackElo "2366"]
[Annotator "TA"]
[PlyCount "81"]
[EventDate "2022.06.09"]
[EventType "tourn"]
[EventCountry "SWE"]
[SourceTitle "playchess.com"]
[Source "ChessBase"]
[SourceQuality "1"]
[TimeControl "5400+30"]

1. d4 d5 2. c4 c6 3. Nf3 Nf6 4. Qb3 dxc4 5. Qxc4 Bf5 6. g3 Nbd7 7. Bg2 e6 8. O-O Be7 9. Nc3 O-O 10. e3 Qc7 {[%emt 0:01:26] D23: Queen's Gambit Accepted: 3 Nf3 Nf6 sidelines.} 11. Nh4 Bg4 {[%emt 0:07:04] [#]} 12. h3 $146 ({Predecessor:} 12. e4 e5 13. Be3 Rfd8 14. d5 Nb6 15. Qb3 cxd5 16. exd5 Qd7 17. Nf3 Bxf3 18. Bxf3 {1-0 (51) Shyam,N (2424)-Gagunashvili,M (2547) Gurgaon 2014}) 12... Bh5 {[%emt 0:00:29] The position is equal.} 13. e4 Nb6 14. Qb3 Nfd7 15. Nf3 e5 (15... a5 $11 {remains equal.}) 16. Nxe5 $1 $16 Nxe5 17. Bf4 (17. dxe5 $16 {Black must now prevent g4.} g5 18. f4) 17... Bd6 (17... Nbd7 $1 $14) 18. dxe5 Bxe5 19. Bxe5 Qxe5 {[%emt 0:00:08] [#]} 20. f4 $1 Qc5+ {[%emt 0:00:39] [#]} 21. Kh1 ({Only move:} 21. Rf2 $1 $16) 21... Nc4 $1 $11 22. Na4 $36 {[%emt 0:00:22][%mdl 2048] White has good play.} Qd4 23. g4 Nd2 24. Qd1 Rad8 25. Re1 Qf2 $2 {[%emt 0:04:57] A mistake that costs the game.} 26. gxh5 {[%emt 0:00:39] aiming for Qg4.} Qxf4 27. Qg4 Qe5 28. Rac1 Rd3 (28... Rfe8 {was necessary.} 29. h6 g6) 29. Rc3 Rxc3 30. Nxc3 Nc4 31. h6 g6 32. Qe2 b5 33. b3 Qxc3 34. bxc4 bxc4 35. e5 Re8 36. Qe3 Qa5 (36... Qxe3 37. Rxe3 Rd8 38. Bxc6 Kf8) 37. Bxc6 $18 Re6 {[%emt 0:00:45] [#]} 38. Rb1 $1 {[%emt 0:00:20] Intending Rb8+ and mate.} Qd8 {[%emt 0:00:28] [#] Against Rb8} (38... Qc7 39. Bd5) 39. Qd4 $3 {[%emt 0:01:04][%mdl 512] White mates.} Qxd4 (39... Qc7 40. Bd5) 40. Rb8+ Qd8 41. Rxd8+ {[%emt 0:00:02] Weighted Error Value: White=0.14 (very precise) /Black=0.48} 1-0

[Event "Uppsala GM June 2022"]
[Site "Uppsala"]
[Date "2022.06.18"]
[Round "8.5"]
[White "Sorensen, Hampus"]
[Black "Chatalbashev, Boris"]
[Result "*"]
[ECO "D23"]
[WhiteElo "2372"]
[BlackElo "2536"]
[Annotator "TA"]
[PlyCount "30"]
[EventDate "2022.06.09"]
[EventType "tourn"]
[EventCountry "SWE"]
[SourceTitle "playchess.com"]
[Source "ChessBase"]
[SourceQuality "1"]
[TimeControl "5400+30"]

1. d4 d5 2. c4 c6 3. Nf3 Nf6 4. Qb3 dxc4 5. Qxc4 Bf5 6. g3 Nbd7 7. Bg2 e6 8. O-O Be7 9. Nc3 O-O 10. e3 Qc7 {[%emt 0:01:26] D23: Queen's Gambit Accepted: 3 Nf3 Nf6 sidelines.} 11. Nh4 Bg4 {[%emt 1:30:43] [#]} 12. h3 $146 ({Predecessor:} 12. e4 e5 13. Be3 Rfd8 14. d5 Nb6 15. Qb3 cxd5 16. exd5 Qd7 17. Nf3 Bxf3 18. Bxf3 {1-0 (51) Shyam,N (2424)-Gagunashvili,M (2547) Gurgaon 2014}) 12... Bh5 13. e4 Nb6 14. Qb3 Nfd7 15. Nf3 e5 {[%emt 0:02:36] White took control after the opening.  Weighted Error Value: White=0.00 (flawless) /Black=0.07 (flawless)} (15... a5 $11 {keeps the balance.}) *

[Event "Uppsala GM June 2022"]
[Site "Uppsala"]
[Date "2022.06.19"]
[Round "9.1"]
[White "Nilsson, Joakim"]
[Black "Sorensen, Hampus"]
[Result "1/2-1/2"]
[ECO "E60"]
[WhiteElo "2237"]
[BlackElo "2372"]
[Annotator "TA"]
[PlyCount "80"]
[EventDate "2022.06.09"]
[EventType "tourn"]
[EventCountry "SWE"]
[SourceTitle "playchess.com"]
[Source "ChessBase"]
[SourceQuality "1"]
[TimeControl "5400+30"]

1. d4 Nf6 2. c4 c5 3. d5 b5 4. cxb5 a6 5. bxa6 g6 6. Nc3 Bg7 7. Nf3 O-O 8. g3 d6 9. Bg2 Nxa6 10. O-O Qb6 {[%emt 0:00:26] E60: King's Indian: Unusual lines and Fianchetto Variation without Nc3.} 11. Nd2 Nc7 12. b3 Ba6 13. Bb2 Rfb8 14. Qc2 {[%emt 0:03:02] [#]} Qb7 $146 ({Predecessor:} 14... Qb4 15. Rab1 Nb5 16. Nxb5 Bxb5 17. a3 Qg4 18. Rfe1 Qh5 19. h3 Bd7 20. g4 Qg5 {1-0 (34) Keres,P-Opocensky,K Parnu 1937}) 15. Rfd1 Ra7 16. Rab1 Qa8 17. Nde4 Nd7 18. Na4 (18. Ng5 {keeps more tension.} Ne5 19. Na4 Bb5 20. Nxc5 Rxa2 21. Nce6) 18... Bxb2 19. Rxb2 Rab7 20. Nac3 {[%emt 0:04:41] White is much more active.} Ne5 21. Rdb1 Nb5 22. Nxb5 Rxb5 23. Qd2 Bc8 24. f4 Nd7 25. f5 (25. Nf2 $16) 25... Qa7 (25... c4 $5) 26. Kh1 {[%emt 0:02:31] Threatens to win with Qh6.} Ne5 27. f6 {[%emt 0:00:22] [#] White threatens Qh6 and mate.} Ng4 {[%emt 0:02:42] Against Qh6} 28. Qf4 {[%emt 0:01:45] Strongly threatening fxe7.} R5b6 (28... Bf5 $11 {remains equal.} 29. Rf1 (29. fxe7 Bxe4 30. Bxe4 Rb4 $11) 29... Bxe4 30. Qxg4 Bxg2+ 31. Kxg2 exf6) 29. h3 $16 Nxf6 30. Nxf6+ exf6 31. Qxf6 Ba6 32. e4 Re8 33. h4 (33. b4 $16) 33... Qd7 (33... Qe7 $14 {is more appropriate.} 34. Qf3 Bc8) 34. Rf2 h5 35. Re1 {[%emt 0:00:10][%cal Bb1e1,Be1e3,Be3f3][%mdl 32] e5 is the strong threat.} Re5 36. Kh2 Rb8 (36... Qe7 $14) 37. Bh3 (37. Re3 $16) 37... Qc7 (37... Qe7 $14) 38. Re3 {[%emt 0:00:48] Black must now prevent Ref3.} Bc8 39. Bxc8 (39. Bf1 $16) 39... Rxc8 $14 40. Ref3 Rf8 {[%emt 0:00:44] Weighted Error Value: White=0.15 (very precise) /Black=0.21 (precise)} 1/2-1/2

[Event "Uppsala GM June 2022"]
[Site "Uppsala"]
[Date "2022.06.19"]
[Round "9.3"]
[White "Ernst, Thomas"]
[Black "Peng, Li Min"]
[Result "1/2-1/2"]
[ECO "C04"]
[WhiteElo "2300"]
[BlackElo "2506"]
[Annotator "TA"]
[PlyCount "49"]
[EventDate "2022.06.09"]
[EventType "tourn"]
[EventCountry "SWE"]
[SourceTitle "playchess.com"]
[Source "ChessBase"]
[SourceQuality "1"]
[TimeControl "5400+30"]

1. e4 e6 2. d4 d5 3. Nd2 Nc6 4. Ngf3 Nf6 5. e5 Ng4 (5... Nd7 $1 $14) 6. Bd3 {[%emt 0:08:43] C04: French Tarrasch: 3...Nc6.} f6 {[%emt 0:00:44][%cal Rf6e5] [#]} 7. exf6 $146 ({Predecessor:} 7. Ng5 f5 8. Ndf3 Nb4 9. Be2 c5 10. c3 Nc6 11. O-O Be7 12. Nh3 cxd4 13. cxd4 {½-½ (57) Fiedorek,M (2081)-Mirzoev,E (2418) Lvov 2018}) 7... Qxf6 8. O-O {[%emt 0:00:42] White is slightly better.} Bd6 (8... Nxd4 $2 9. Nxd4 Qxd4 10. Nb3 $18) 9. h3 Nh6 10. c4 O-O 11. Nb3 Nf7 {[%emt 0:01:01] Inhibits Bg5.} 12. Be3 a5 13. Rc1 a4 14. Nbd2 a3 15. b3 Nb4 16. Bb1 c6 17. Re1 Bd7 18. Nf1 {[%emt 1:04:36] Strongly threatening N1h2.} Rae8 (18... e5 $11 {remains equal.}) 19. N1h2 ({White should play} 19. Qd2 $16) 19... h5 $2 (19... e5 $11 {and Black has nothing to worry.}) 20. Qd2 {[%emt 0:00:00] Hoping for c5.} Na6 21. Qd3 {[%emt 0:00:00][%csl Gb1][%cal Rd3h7] [#]} Qf5 {[%emt 0:00:51] Against Qh7+} 22. Qd1 Qf6 23. Qd3 Qf5 {[%emt 0:00:05] Prevents Qh7+.} 24. Qd1 Qf6 25. Qd3 {Weighted Error Value: White=0.30/Black=0.25 (precise)} (25. c5 $16 Bc7 26. Qd3) 1/2-1/2

[Event "Uppsala GM June 2022"]
[Site "Uppsala"]
[Date "2022.06.19"]
[Round "9.5"]
[White "Falkevall, Axel"]
[Black "Roshka, Yevgeniy"]
[Result "0-1"]
[ECO "B22"]
[WhiteElo "2290"]
[BlackElo "2468"]
[Annotator "TA"]
[PlyCount "126"]
[EventDate "2022.06.09"]
[EventType "tourn"]
[EventCountry "SWE"]
[SourceTitle "playchess.com"]
[Source "ChessBase"]
[SourceQuality "1"]
[TimeControl "5400+30"]

1. e4 c5 2. c3 Nf6 3. e5 Nd5 4. d4 cxd4 5. Nf3 Nc6 6. Bc4 Nb6 7. Bb3 d6 8. exd6 Qxd6 9. O-O Be6 10. Bxe6 Qxe6 11. Nxd4 Qd5 {[%emt 0:01:02] B22: Sicilian: 2 c3.} 12. Nxc6 Qxc6 13. Nd2 e6 {[%emt 0:03:44] The position is equal.} 14. Qg4 h5 15. Qe2 {[%emt 0:00:20] [#]} Be7 $146 ({Predecessor:} 15... O-O-O 16. c4 f6 17. b3 e5 18. Ne4 Na8 19. Nc3 Nc7 20. Be3 Kb8 21. Rad1 Bd6 {1-0 (41) Kristjansson,S (2459)-Bindrich,F (2391) Budapest 2005}) 16. Nf3 Bf6 17. Re1 Qc4 18. Qc2 Rd8 19. Bg5 Bxg5 20. Nxg5 Qd3 21. Qxd3 (21. Qb3 $5 Qd5 22. Ne4 $11) 21... Rxd3 22. Rad1 Rxd1 23. Rxd1 $11 {[%emt 0:00:06][%mdl 4096] Endgame KRN-KRN} Ke7 24. Ne4 Rc8 25. Kf1 Rc6 26. Rd3 (26. Rd4 $11) 26... f5 (26... Na4 $5 27. Rd2 f5 $15) 27. Ng3 g6 28. b3 {[%emt 0:05:02] Against Na4} e5 29. c4 e4 30. Rd2 Rd6 31. Ke2 Rxd2+ 32. Kxd2 $15 {[%emt 0:00:08] KN-KN} Kd6 (32... h4 $5 33. Ne2 Kf6 $11) 33. Ke3 (33. h4 $11) 33... Ke5 $1 34. f4+ exf3 35. Kxf3 Nd7 (35... h4 $5 36. Nh1 a5 $11) 36. Ne2 (36. h4 $11) 36... h4 37. g3 hxg3 38. hxg3 (38. h4 $11 {remains equal.}) 38... Nf6 39. Ke3 g5 40. Ng1 $2 (40. b4 $17 {was necessary.}) 40... g4 $19 41. Ne2 Nh5 (41... Ne4 $19 {[%cal Oe4g3] aiming for ...Nxg3!} 42. Kd3 a5) 42. Kf2 $17 a6 43. b4 Ke4 $1 44. a3 Kd3 45. c5 Nf6 {[%emt 0:00:02] Strongly threatening ...Ne4+.} 46. Nf4+ Kc4 47. Ne6 Kb3 48. Nd8 $2 (48. Nd4+ $17 Kxa3 49. b5) 48... Kxa3 $19 49. Nxb7 Kxb4 50. c6 $2 (50. Nd6 Kxc5 51. Nxf5) 50... Ne8 $1 51. Ke3 Kb5 $1 52. c7 Nxc7 {[%emt 0:00:01] Threatens to win with ...a5.} 53. Nd6+ Kb4 54. Nxf5 Kc3 $1 55. Nd6 a5 {[%emt 0:01:25] Hoping for ...a4.} 56. Ne4+ Kc4 $2 (56... Kb2 $19 {And now ...a4 would win.} 57. Nc5 Kc3 58. Ne4+ Kc2) 57. Kd2 $17 a4 58. Kc2 a3 (58... Nd5 $1 $17 59. Kb2 Kb4) 59. Nf2 $11 Nd5 60. Nxg4 Kb4 61. Ne5 $2 {[%emt 0:04:05][%mdl 8192] [#]} (61. Nf2 $11) 61... Ne3+ $1 $19 62. Kc1 {[%emt 0:00:23] [#]} Kc3 $1 63. Kb1 Kb3 {[%emt 0:00:01] Weighted Error Value: White=0.52/Black=0.20 (precise)} 0-1